 Dungeon Crawl Stone Soup version 0.17-a0-1174-ge06b3cc (webtiles) character file.

93 RFJesus1egend4r12 the Chopper (level 4, 0/39 HPs)
             Began as a Minotaur Berserker on May 29, 2015.
             Was a Believer of Trog.
             Killed from afar by an orc wizard (4 damage)
             ... with a magic dart
             ... on level 3 of the Dungeon.
             The game lasted 00:02:11 (1601 turns).

RFJesus1egend4r12 the Chopper (Minotaur Berserker)  Turns: 1601, Time: 00:02:11

Health: 0/39       AC:  2    Str: 21    XL:     4   Next: 37%
Magic:  3/3        EV: 12    Int:  4    God:    Trog [**....]
Gold:   91         SH:  0    Dex: 11    Spells: 0 memorised, 3 levels left

rFire  . . .     SeeInvis .     a - +0 hand axe
rCold  . . .     Clarity  .     b - +0 animal skin
rNeg   . . .     SustAt   .     (no shield)
rPois  .         Gourm    .     (helmet restricted)
rElec  .         Spirit   .     (no cloak)
rCorr  .         Warding  .     (no gloves)
rMut   .         Stasis   .     (no boots)
MR     .....                    (no amulet)
Stlth  +.........               (no ring)
                                (no ring)

@: lethally poisoned (0 -> -6), not resistant to hostile enchantments, very
unstealthy
A: retaliatory headbutt, horns 2
a: Burn Spellbooks, Berserk, Trog's Hand, Renounce Religion


You were on level 3 of the Dungeon.
You worshipped Trog.
Trog was pleased with you.
You were not hungry.

You visited 1 branch of the dungeon, and saw 3 of its levels.

You collected 91 gold pieces.

Inventory:

Hand weapons
 a - a +0 hand axe (weapon)
Armour
 b - a +0 animal skin (worn)
 e - a +0 pair of gloves
   (You found it on level 1 of the Dungeon)
Magical devices
 g - a wand of invisibility (4)
   (You found it on level 2 of the Dungeon)
Scrolls
 d - 2 scrolls of amnesia {unknown}
 f - a scroll of remove curse {unknown}
 j - a scroll of identify {unknown}
 k - a scroll of fog {unknown}
 l - 2 scrolls of teleportation {unknown}
Comestibles
 c - 3 bread rations {@e1}


   Skills:
 - Level 3.6 Fighting
 * Level 6.3 Axes
 - Level 2.4 Armour
 - Level 2.1 Dodging


You had 3 spell levels left.
You didn't know any spells.

Dungeon Overview and Level Annotations

Branches:
Dungeon (3/15)

Altars:


Innate Abilities, Weirdness & Mutations

You reflexively headbutt those who attack you in melee.
You have a pair of horns on your head.


Message History

The orc wizard flickers and vanishes!
Deactivating autopickup; reactivate with Ctrl-A.
The orc misses you.
Unknown command.
You hit the orc but do no damage. You hit the orc.
You headbutt the orc, but do no damage. You barely miss the kobold.
The kobold hits you but does no damage. The orc hits you with a flail.
You take 4 damage, and have 35/39 hp.
You closely miss the orc. You closely miss the orc wizard.
You barely miss the kobold.
The orc wizard hits you but does no damage.
The kobold closely misses you. The orc hits you with a flail.
You take 1 damage, and have 34/39 hp.
You hit the orc but do no damage. You hit the kobold but do no damage.
You barely miss the orc wizard. The kobold misses you. You furiously retaliate!
You headbutt the kobold!
You kill the kobold!
Trog accepts your kill.
The orc wizard gestures wildly while chanting.
The orc wizard seems to speed up.
The orc hits you but does no damage.
You barely miss the orc. Your headbutt misses the orc.
You hit the orc wizard but do no damage.
The orc wizard completely misses you.
You hear some strange, mumbled words.
You are confused.
The orc wizard hits you with a dagger.
You take 1 damage, and have 33/39 hp.
You are too confused!
You are too confused!
Unknown command.
The orc barely misses you. The orc wizard misses you. The worm bites you.
You take 3 damage, and have 30/39 hp.
Unknown command.
You completely miss the orc. You barely miss the worm. You hit the orc wizard.
The orc wizard points at you and mumbles some strange words.
The puff of flame hits you!
You take 8 damage, and have 22/39 hp.
MASSIVE DAMAGE!!
Drink which item? (? for menu, Esc to quit)
It was a potion of poison.
That liquid tasted very nasty...
You are poisoned.
You feel sick. The orc wizard misses you. The orc misses you.
The worm barely misses you. The orc wizard closely misses you.
You take 2 damage, and have 20/39 hp.
Drink which item? (? for menu, Esc to quit)
It was a potion of ambrosia.
You are more confused.
You feel invigorated.
You feel sick.
The orc wizard hits you but does no damage.
Something hits you. The orc hits you with a flail.
You take 3 damage, and have 17/39 hp.
Unknown command.
You barely miss the worm. You headbutt the worm. You barely miss something.
You barely miss the orc wizard. You hit the orc but do no damage.
You feel sick. The orc wizard casts a spell at you. The magic dart hits you!
You hear some strange, mumbled words.
Something tries to affect you, but you resist.
The worm closely misses you. The orc barely misses you.
The orc wizard gestures at you while chanting.
The puff of flame hits you!
* * * LOW HITPOINT WARNING * * *
You take 13 damage, and have 4/39 hp.
MASSIVE DAMAGE!!
* * * LOW HITPOINT WARNING * * *
You feel sick. The orc closely misses you.
You regained 2 hp, and now have 6/39 hp.
Unknown command.
You barely miss something. Your headbutt misses something.
You barely miss the orc.
You hit the orc wizard but do no damage.
You feel less invigorated.
The orc wizard glows brightly for a moment.
Something hits you.
* * * LOW HITPOINT WARNING * * *
The orc wizard hits you but does no damage.
Unknown command.
You closely miss the orc wizard. You closely miss the orc. You miss something.
* * * LOW HITPOINT WARNING * * *
You feel sick. The orc barely misses you. The orc wizard barely misses you.
Something hits you but does no damage.
You take 1 damage, and have 5/39 hp.
Unknown command.
You're too confused!
You feel less confused.
* * * LOW HITPOINT WARNING * * *
You feel sick.
You take 1 damage, and have 4/39 hp.
* * * LOW HITPOINT WARNING * * *
You feel sick.
The orc wizard gestures wildly while chanting.
You feel a wave of unholy energy pass over you.
You take 1 damage, and have 3/39 hp.
The orc wizard casts a spell at you. The magic dart hits you!
You die...

#..........# #......
#..#...... #....##
.#.....).#########....#
......................#
.#...#.w.#########...<#
......o.)# #....##
.......o.# #......
....#....#### #......
.<.....@....# #......
###.....###.# ##.....
....#..># # #..)..
###+#.#.. #..... ..#+#
#).... ... #..... ....
#..... +... ######


You could see a worm, an orc wizard and an orc.

Vanquished Creatures
  Terence (D:2)
  2 adders (D:2)
  A worm (D:2)
  4 giant cockroaches
  6 goblins
  6 hobgoblins
  4 jackals
  A quokka (D:2)
  6 bats
  A giant gecko (D:2)
  2 giant newts (D:2)
  6 kobolds
  5 rats
45 creatures vanquished.

Notes
Turn   | Place    | Note
--------------------------------------------------------------
     0 | D:1      | RFJesus1egend4r12 the Minotaur Berserker began the quest for the Orb.
     0 | D:1      | Reached XP level 1. HP: 19/19 MP: 0/0
   197 | D:1      | Reached skill level 4 in Axes
   525 | D:1      | Reached XP level 2. HP: 19/26 MP: 1/1
   858 | D:2      | Reached skill level 5 in Axes
   867 | D:2      | Reached XP level 3. HP: 25/31 MP: 2/2
   908 | D:2      | Acquired Trog's second power
   912 | D:2      | Noticed Terence
   934 | D:2      | Killed Terence
  1040 | D:2      | Reached XP level 4. HP: 37/39 MP: 3/3
  1116 | D:2      | Reached skill level 6 in Axes
  1595 | D:3      | HP: 4/39 [orc wizard/puff of flame (9)]
  1600 | D:3      | HP: 3/39 [poison (a potion of poison)]
  1601 | D:3      | Killed from afar by an orc wizard

Vault maps used:
D:1:      ncdulo_wetmaze, serial_bayou_lagoon_b
D:2:      dk_noncrumbling_3, grunt_decor_mini_mirrors, uniq_terence
D:3:      gammafunk_temple_overflow_statue

Action                   |  1- 3 |  4- 6 || total
-------------------------+-------+-------++-------
Melee: Hand axe          |    70 |    43 ||   113
Invok: Trog's Hand       |     1 |       ||     1
  Use: Potion            |       |     2 ||     2
 Stab: Sleeping          |     1 |     1 ||     2
  Eat: Chunk             |     1 |     1 ||     2

Vault maps used:
D:1:      ncdulo_wetmaze, serial_bayou_lagoon_b
D:2:      dk_noncrumbling_3, grunt_decor_mini_mirrors, uniq_terence
D:3:      gammafunk_temple_overflow_statue

Table legend:
 A = Turns spent in this place as a percentage of turns spent in the entire game.
 B = Non-inter-level travel turns spent in this place as a percentage of non-inter-level travel turns spent in the entire game.
 C = Inter-level travel turns spent in this place as a percentage of turns spent in this place.
 D = Turns resting spent in this place as a percentage of non-inter-level travel turns spent in this place.
 E = Turns spent auto-exploring this place as a percentage of non-inter-level travel turns spent in this place.
 F = Non-inter-level travel turns spent in this place divided by the number of levels of this place that you've seen.
                   A       B       C       D       E      F
               +-------+-------+-------+-------+-------+----------------------
         Total | 100.0 | 100.0 |   0.5 |   0.4 |  11.7 | 188.3
       Dungeon | 100.0 | 100.0 |   0.5 |   0.4 |  11.7 | 188.3
               +-------+-------+-------+-------+-------+----------------------

Table legend:
 A = Kills in this place as a percentage of kills in entire the game.
 B = Kills by you in this place as a percentage of kills by you in the entire game.
 C = Kills by friends in this place as a percentage of kills by friends in the entire game.
 D = Other kills in this place as a percentage of other kills in the entire game.
 E = Experience gained in this place as a percentage of experience gained in the entire game.
 F = Experience gained in this place divided by the number of levels of this place that you have seen.
                   A       B       C       D       E      F
               +-------+-------+-------+-------+-------+----------------------
         Total | 100.0 | 100.0 |  -nan |  -nan | 100.0 |  44.7
       Dungeon | 100.0 | 100.0 |  -nan |  -nan | 100.0 |  44.7
               +-------+-------+-------+-------+-------+----------------------
